AoeStats
← Ejung15

Yucatan

510660182Analyzed
2v2 RM · 17h ago on Oct 2, 2026· 34m 55s· 4 players
Game mode
Random Map
Map size
Medium (4 player)
Population
200
Speed
Normal
Resources
Standard
Victory
Conquest
Starting age
Dark Age
Ending age
Imperial Age
RankedLock teamsTeams togetherTeam positionsShared explorationLock speedFull tech treeHidden civsTurbo modeCheats
Victory
Defeat
🇺🇸 Ethiopians · United States
1282
+14
🇺🇸 Lithuanians · United States
1282
+14
🇬🇧 Bohemians · United Kingdom
1328
-17
🇳🇿 Franks · New Zealand
1152
-11
Ejung15
5:48 Loom
9:54 Feudal Age
18:57 Scale Barding Armor
21:41 Castle Age
21:01 Gold Mining
21:51 Wheelbarrow
22:36 Bloodlines
24:59 Chain Barding Armor
24:50 Forging
27:16 Double-Bit Axe
28:44 Husbandry
30:55 Iron Casting
34:00 Hand Cart
PaschalStorm725
4:58 Loom
10:11 Feudal Age
10:20 Man-at-Arms
11:53 Double-Bit Axe
14:24 Fletching
20:39 Castle Age
19:57 Padded Archer Armor
20:39 Crossbowman
21:15 Bodkin Arrow
22:46 Bow Saw
23:55 Ballistics
26:47 Thumb Ring
28:01 Wheelbarrow
27:11 Town Watch
35:57 Imperial Age
Lanyard
11:23 Feudal Age
15:30 Castle Age
13:41 Double-Bit Axe
14:52 Horse Collar
17:09 Bow Saw
17:29 Scale Barding Armor
23:25 Forging
25:36 Loom
25:58 Town Watch
28:42 Wheelbarrow
29:37 Chain Barding Armor
31:26 Husbandry
35:03 Iron Casting
R2C2
3:27 Loom
12:19 Feudal Age
20:43 Castle Age
19:40 Forging
19:36 Scale Barding Armor
22:17 Double-Bit Axe
24:50 Stone Mining
32:18 Gold Mining
34:13 Iron Casting
34:45 Fletching
Connection lost

Rejoining the realm…

Still unreachable

The connection could not be restored.

Session expired

The server has moved on; the page needs a fresh start.